 Dungeon Crawl Stone Soup version 0.29-a0-231-g945431f764 (webtiles) character file.

Game seed: 16696826750022700987

35 ChaosInquisitor the Chopper (level 3, 29/29 HPs)
             Began as a Demonspawn Fighter on Mar 1, 2022.
             Got out of the dungeon alive.
             The game lasted 00:03:37 (1896 turns).

ChaosInquisitor the Chopper (Demonspawn Fighter)    Turns: 1896, Time: 00:03:38

Health: 29/29      AC:  6    Str: 16    XL:     3   Next: 16%
Magic:  3/3        EV:  8    Int: 11    God:
Gold:   34         SH:  9    Dex: 12    Spells: 2/2 levels left

rFire   . . .      SeeInvis .   a - +0 war axe
rCold   . . .      Faith    .   c - +0 buckler
rNeg    . . .      Spirit   .   b - +0 scale mail
rPois   .          Reflect  +   (no helmet)
rElec   .          Harm     .   (no cloak)
rCorr   +          Rampage  .   (no gloves)
Will    .....                   (no boots)
Stlth   ..........              e - amulet of reflection
HPRegen 0.09/turn               R - ring of resist corrosion
MPRegen 0.08/turn               (no ring)

@: no status effects
A: claws 1, spiny 1
a: no special abilities


You escaped.
You visited 1 branch of the dungeon, and saw 2 of its levels.

You collected 34 gold pieces.


Innate Abilities, Weirdness & Mutations

You have sharp fingernails.
You are partially covered in sharp spines.


   Skills:
 - Level 3.0 Fighting
 + Level 3.3 Axes
 - Level 2.6 Armour
 - Level 2.6 Shields


You had 2 spell levels left.
You didn't know any spells.
Your spell library contained the following spells:

 Spells                   Type           Power      Damage    Failure   Level
 Ensorcelled Hibernation  Hex/Ice        0%         N/A       95%         2
 Passwall                 Tmut/Erth      0%         N/A       95%         2
 Swiftness                Air            0%         N/A       99%         3

Inventory:

Hand Weapons
 a - a +0 war axe (weapon)
Missiles
 f - 64 stones (quivered)
Armour
 b - a +0 scale mail (worn)
 c - a +0 buckler (worn)
 o - a +0 robe
   (You found it on level 2 of the Dungeon)
Magical Staves
 i - a staff of air {!a}
   (You found it on level 1 of the Dungeon)
Jewellery
 e - an amulet of reflection (around neck)
   (You found it on level 1 of the Dungeon)
 R - a ring of resist corrosion (left claw)
   (You found it on level 1 of the Dungeon)
Scrolls
 j - a scroll of enchant weapon {unknown}
 k - 5 scrolls of identify {unknown}
 m - 2 scrolls of magic mapping {unknown}
 n - a scroll of summoning {unknown}
Potions
 d - a potion of might
 g - 2 potions of degeneration {unknown}
 h - a potion of magic {unknown}
 l - a potion of brilliance {unknown}

Dungeon Overview and Level Annotations

Branches:
Dungeon (2/15)

Altars:
Beogh

Shops:
D:2

: ## ######
.###############....###
..........##..........###
###.....###...#####.....###
..####.....####...####....#
.....###+###.........###..#
⌠......'.'......@......#..#
.....###'###.........###..#
..####)....####...####....#
###...........#####.......#
....##....................#
...##)............###.....#
..###.###..######## #####.#
.###### #.##### ### .##.#
#.# #.#


There were no monsters in sight!


Message History

You barely miss the ball python.
The ball python closely misses you. 😕 HP[-1]
You take 1 damage, and now have 28/29 hp.
You closely miss the ball python. The ball python closely misses you.
The ball python bites you but does no damage. 😎 HP[+1]
Your hp is fully restored (29).
You hit the ball python.
You kill the ball python!
No target in view!
No target in view!
No target in view!
No target in view!
No target in view!
No target in view!
No target in view!
No target in view!
No target in view!
No target in view!
No target in view!
No target in view!
No target in view!
No target in view!
A bat comes into view.
There is a stone staircase leading down here.
A bat is nearby!
You hit the bat but do no damage. The bat is struck by your spines.
You kill the bat!
No target in view!
No target in view!
No target in view!
No target in view!
No target in view!
You see here a bat corpse.
k - 5 scrolls labelled JAONTIJ ZORARPH (gained 1)
A quokka comes into view.
A quokka is nearby!
The quokka is struck by your spines.
The quokka bites you but does no damage.
You barely miss the quokka. The quokka barely misses you.
The quokka is struck by your spines.
You kill the quokka!
No target in view!
No target in view!
No target in view!
No target in view!
No target in view!
No target in view!
No target in view!
No target in view!
No target in view!
No target in view!
No target in view!
No target in view!
No target in view!
No target in view!
No target in view!
You see here a quokka corpse.
A hobgoblin comes into view.
The hobgoblin shouts!
The hobgoblin is struck by your spines. The hobgoblin barely misses you.
You closely miss the hobgoblin. You block the hobgoblin's attack.
The hobgoblin is struck by your spines. The hobgoblin hits you. 😕 HP[-1]
You take 1 damage, and now have 28/29 hp.
You slash the hobgoblin!
You kill the hobgoblin!
No target in view!
No target in view!
No target in view!
No target in view!
No target in view!
No target in view!
No target in view!
No target in view!
No target in view!
No target in view!
No target in view!
No target in view!
No target in view!
No target in view!
No target in view!
No target in view!
Done exploring. 😎 HP[+1]
Your hp is fully restored (29).
Done exploring.
There is a stone staircase leading down here.
Search for what [? for help]?
Okay, then.
Unknown command.
There is an escape hatch in the ceiling here.
A mysterious force pulls you upwards. The hatch slams shut behind you.
There is an open door here.
There is a fountain of clear blue water here.
There is an open door here.
There is an open door here.
There is a staircase leading out of the dungeon here.
Are you sure you want to leave the Dungeon?
This will make you lose the game!
You have escaped!

Skill      XL: |  1  2 |
---------------+-------+-----
Axes           | 2 3 |  3.3
Fighting       | |  3.0
Armour         | |  2.6
Shields        | |  2.6

Action                   || total
-------------------------++-------
Melee: War axe           ||    79
Armor: Scale mail        ||    43
Dodge: Dodged            ||    27
Block: Buckler           ||    55
       Reflection        ||     1

Levels and vault maps discovered:
D:1:      elethiomel_arrival_infinity_welcomes_careful_drivers,
          layout_loops_ring, hellmonk_ecumenical_altar_defaced_shrine
D:2:      layout_basic, serial_shops, nicolae_shop_crystal

Notes
Turn   | Place    | Note
-------+----------+-------------------------------------------
     0 | D:1      | ChaosInquisitor the Demonspawn Fighter began the quest for
                  | the Orb.
     0 | D:1      | Reached XP level 1. HP: 18/18 MP: 1/1
     0 | D:1      | magus.rc [v1.11.3]
    51 | D:1      | Reached skill level 2 in Axes
   305 | D:1      | Gained mutation: You have sharp fingernails. [demonic
                  | ancestry]
   305 | D:1      | Reached XP level 2. HP: 18/24 MP: 2/2
   483 | D:1      | Found a faded altar of an unknown god.
   614 | D:1      | You pick up a book of Burglary and begin reading...
   614 | D:1      | You add the spells Passwall, Ensorcelled Hibernation and
                  | Swiftness to your library.
  1051 | D:2      | Reached skill level 3 in Axes
  1338 | D:2      | Found Nape's Book Boutique.
  1384 | D:2      | Gained mutation: You are partially covered in sharp spines.
                  | [demonic ancestry]
  1384 | D:2      | Reached XP level 3. HP: 28/29 MP: 3/3
  1896 | D:$      | Got out of the dungeon alive.

Vanquished Creatures
  3 ball pythons
  2 endoplasms
  2 giant cockroaches (D:2)
  2 goblins
  3 hobgoblins
  4 kobolds
  3 quokkas
  6 bats
  A frilled lizard (D:2)
  4 rats
30 creatures vanquished.

Table legend:
 A = Non-vault XP
 B = Vault XP
 C = Vault XP percentage of total XP
 D = Non-vault monster count
 E = Vault monster count
 F = Vault count percentage of total count
                 A         B        C        D         E       F
            +---------+---------+-------+---------+---------+-------
      Total |      48 |       2 |   4.0 |      28 |       2 |   6.7
            +---------+---------+-------+---------+---------+-------
        D:1 |      24 |       2 |   7.7 |      14 |       2 |  12.5
        D:2 |      24 |       0 |   0.0 |      14 |       0 |   0.0
            +---------+---------+-------+---------+---------+-------

Illustrated notes

Table legend:
 A = Kills in this place as a percentage of kills in entire the game.
 B = Kills by you in this place as a percentage of kills by you in the entire game.
 C = Kills by friends in this place as a percentage of kills by friends in the entire game.
 D = Other kills in this place as a percentage of other kills in the entire game.
 E = Experience gained in this place as a percentage of experience gained in the entire game.
 F = Experience gained in this place divided by the number of levels of this place that you have seen.
                   A       B       C       D       E      F
               +-------+-------+-------+-------+-------+----------------------
         Total | 100.0 | 100.0 |   N/A |   N/A | 100.0 |  25.0
       Dungeon | 100.0 | 100.0 |   N/A |   N/A | 100.0 |  25.0
               +-------+-------+-------+-------+-------+----------------------

Table legend: (Time is in decaauts)
 A = Elapsed time spent in this place.
 B = Non-inter-level travel time spent in this place.
 C = Inter-level travel time spent in this place.
 D = Time resting spent in this place.
 E = Time spent auto-exploring this place.
 F = Levels seen in this place.
 G = Mean time per level.
                   A        B        C        D        E       F      G
               +--------+--------+--------+--------+--------+-----+--------+
         Total |   1928 |   1859 |     69 |      0 |   1612 |   2 |  964.0 |
       Dungeon |   1928 |   1859 |     69 |      0 |   1612 |   2 |  964.0 |
               +--------+--------+--------+--------+--------+-----+--------+

Top non-repeatable levels by time:
     D:1: 1027 daAuts
     D:2: 901 daAuts
